 Dungeon Crawl Stone Soup version 0.31-a0-149-g3fdcc5976a (webtiles) character file.

Game seed: 14556420525147940851

44 pokeman the Magician (level 3, -12/20 HPs)
             Began as a Deep Elf Hedge Wizard on June 8, 2023.
             Mangled by Crazy Yiuf
             ... wielding a +2 quarterstaff of chaos
              (16 damage)
             ... on level 2 of the Dungeon.
             The game lasted 00:02:46 (2069 turns).

pokeman the Magician (Deep Elf Hedge Wizard)        Turns: 2069, Time: 00:02:48

Health: -12/20     AC:  2    Str:  7    XL:     3   Next: 39%
Magic:  5/11       EV: 12    Int: 20    God:
Gold:   77         SH:  0    Dex: 14    Spells: 4/12 levels left

rFire   . . .        g - +2 dagger (venom)
rCold   . . .        (no shield)
rNeg    . . .        b - +0 robe
rPois   .            c - +0 hat
rElec   .            (no cloak)
rCorr   +            (no gloves)
SInv    .            (no boots)
Will    .....        (no amulet)
Stlth   ++           k - ring of resist corrosion
HPRegen 0.23/turn    (no ring)
MPRegen 0.12/turn

%: no passive effects
@: no status effects
A: no striking features
a: no special abilities


You were on level 2 of the Dungeon.
You visited 1 branch of the dungeon, and saw 2 of its levels.

You collected 77 gold pieces.

Inventory:

Hand Weapons
 g - a +2 dagger of venom (weapon)
 h - a +1 whip of electrocution
Armour
 b - a +0 robe (worn)
 c - a +0 hat (worn)
 o - the +3 ring mail of Oxay {rC+}
   (You took it off a goblin on level 2 of the Dungeon)

   rC:        It protects you from cold.
Jewellery
 k - a ring of resist corrosion (left hand)
Scrolls
 a - a scroll of magic mapping {unknown}
 j - 2 scrolls of poison {unknown}
 m - a scroll of blinking {unknown}
 n - a scroll of silence {unknown}
Potions
 d - a potion of magic
 e - 2 potions of degeneration {unknown}
 f - a potion of brilliance {unknown}
 i - a potion of berserk rage {unknown}
 l - a potion of curing {unknown}


   Skills:
 + Level 0.9 Fighting
 + Level 0.9 Armour
 - Level 2.4 Dodging
 - Level 2.4 Stealth
 * Level 5.2 Spellcasting
 + Level 1.9 Conjurations
 - Level 1.1 Summonings
 - Level 1.1 Translocations


You had 4 spell levels left.
You knew the following spells:

 Your Spells              Type           Power      Damage    Failure   Level
a - Magic Dart            Conj           48%        1d5       5%          1
b - Mephitic Cloud        Conj/Pois/Air  7%         N/A       26%         3
c - Call Imp              Summ           18%        N/A       11%         2
d - Blink                 Tloc           18%        N/A       11%         2

Your spell library contained the following spells:

 Spells                   Type           Power      Damage    Failure   Level
 Slow                     Hex            20%        N/A       12%         1
 Cigotuvi's Dreadful Rot  Necr/Pois/Air  10%        N/A       17%         2
 Ensorcelled Hibernation  Hex/Ice        10%        N/A       17%         2
 Passwall                 Tmut/Erth      4%         N/A       17%         2
 Swiftness                Air            5%         N/A       34%         3


Dungeon Overview and Level Annotations

Branches:
Dungeon (2/15)

Altars:

Annotations:
D:2 Gold behind rock, Crazy Yiuf


Message History

Crazy Yiuf is engulfed in noxious fumes.
Crazy Yiuf appears confused.
There is an open translucent door here.
Casting: Mephitic Cloud (extremely dangerous; 26% risk of failure)
Confirm with . or Enter, or press ? or * to list all spells.
Aiming: Magic Dart (safe; 5% risk of failure)
Press: ? - help, Shift-Dir - straight line, f/p - Crazy Yiuf
Aim: Crazy Yiuf, wielding a +2 quarterstaff of chaos and wearing a +1 cloak (noxious fumes, confused, 100% to hit)
The magic dart hits Crazy Yiuf but does no damage.
Crazy Yiuf is engulfed in noxious fumes.
Crazy Yiuf appears confused.
Casting: Magic Dart (safe; 5% risk of failure)
Confirm with . or Enter, or press ? or * to list all spells.
Aiming: Magic Dart (safe; 5% risk of failure)
Press: ? - help, Shift-Dir - straight line, f/p - Crazy Yiuf
Aim: Crazy Yiuf, wielding a +2 quarterstaff of chaos and wearing a +1 cloak (noxious fumes, confused, 100% to hit)
The magic dart hits Crazy Yiuf but does no damage.
Crazy Yiuf is engulfed in noxious fumes.
Crazy Yiuf appears confused.
Crazy Yiuf hits himself with a +2 quarterstaff of chaos!
Casting: Magic Dart (safe; 5% risk of failure)
Confirm with . or Enter, or press ? or * to list all spells.
Aiming: Magic Dart (safe; 5% risk of failure)
Press: ? - help, Shift-Dir - straight line, f/p - Crazy Yiuf
Aim: Crazy Yiuf, wielding a +2 quarterstaff of chaos and wearing a +1 cloak (moderately wounded, confused, 100% to hit)
The magic dart hits Crazy Yiuf.
Crazy Yiuf is heavily wounded.
Unknown command.
You strike the helpless Crazy Yiuf from behind!
You hit Crazy Yiuf.
Crazy Yiuf is severely wounded.
Crazy Yiuf hits you with a +2 quarterstaff of chaos!
Crazy Yiuf burns you.
You hit Crazy Yiuf but do no damage.
Crazy Yiuf is poisoned.
Crazy Yiuf is severely wounded.
Crazy Yiuf hits you with a +2 quarterstaff of chaos.
* * * LOW HITPOINT WARNING * * *
Space warps horribly around you!
Ouch! That really hurt!
You die...

...........#
#)...#
#.<...#.#
############
#....#
#..####.#
##...#
#.....#.#
##.##
#####...####
##.# #...P~~~
#.## #...P~~P
##.# #...†~~~
#.## ###
#...~P~P #@#
#.###....~~~
#.g.#
#.)##.....~P
####### #...#
##..#....PPP
######.....#
#)..#
###.#...~P~~
......)....#
#####
#........~~~
######.....#
###.....P~PP
#.....#
#####.....~~P~
#.....#
#...#.....####
#.....#
###.......#


You could see Crazy Yiuf (confused, very poisoned).

Vanquished Creatures
  An adder (D:2)
  A worm (D:2)
  2 bats
  2 endoplasms
  A giant cockroach (D:1)
  5 goblins
  4 hobgoblins
  5 kobolds
  3 ball pythons
  3 frilled lizards (D:1)
  5 rats
32 creatures vanquished.

Notes
Turn   | Place    | Note
-------+----------+-------------------------------------------
     0 | D:1      | pokeman the Deep Elf Hedge Wizard began the quest for the
                  | Orb.
     0 | D:1      | Reached XP level 1. HP: 10/10 MP: 7/7
   382 | D:1      | Reached XP level 2. HP: 16/16 MP: 6/9
  1245 | D:2      | Reached skill level 5 in Spellcasting
  1437 | D:2      | Reached XP level 3. HP: 20/20 MP: 7/11
  1441 | D:2      | Learned a level 3 spell: Mephitic Cloud
  1448 | D:2      | Learned a level 2 spell: Call Imp
  1451 | D:2      | Learned a level 2 spell: Blink
  1839 | D:2      | Identified the +3 ring mail of Oxay {rC+}
  2058 | D:2      | Found a runed translucent door.
  2059 | D:2      | Noticed Crazy Yiuf
  2069 | D:2      | Mangled by Crazy Yiuf

Illustrated notes

Levels and vault maps discovered:
D:1:      saegor_arrival_simple_a, layout_basic, kennysheep_crisscross
D:2:      layout_basic, serial_bayou, serial_bayou_shore_a, serial_bayou_pond_d,
          serial_bayou_pond_c, serial_bayou_pond_d, item_on_display_b,
          uniq_crazy_yiuf_cottage

Skill      XL: |  1  2 |
---------------+-------+-----
Spellcasting   | 5 |  5.2
Fighting       | |  0.9
Armour         | |  0.9
Dodging        | |  2.4
Stealth        | |  2.4
Conjurations   | |  1.9
Summonings     | |  1.1
Translocations | |  1.1

Action                     || total
---------------------------++-------
  Melee: Dagger            ||    11
   Cast: Magic Dart        ||    95
         Mephitic Cloud    ||     1
   Stab: Confused          ||     1
 Armour: Robe              ||     4
  Dodge: Dodged            ||    15

Table legend: (Time is in decaauts)
 A = Elapsed time spent in this place.
 B = Non-inter-level travel time spent in this place.
 C = Inter-level travel time spent in this place.
 D = Time resting spent in this place.
 E = Time spent auto-exploring this place.
 F = Levels seen in this place.
 G = Mean time per level.
                   A        B        C        D        E       F      G
               +--------+--------+--------+--------+--------+-----+--------+
         Total |   2086 |   2073 |     13 |      0 |   1847 |   2 | 1043.0 |
       Dungeon |   2086 |   2073 |     13 |      0 |   1847 |   2 | 1043.0 |
               +--------+--------+--------+--------+--------+-----+--------+

Top non-repeatable levels by time:
     D:1: 1191 daAuts
     D:2: 894 daAuts
